 Dungeon Crawl Stone Soup version 0.24-a0-516-g9de272bb65 (webtiles) character file.

Game seed: 3772044532222747821

974 Azzok the Insei (level 7, -3/52 HPs)
             Began as a Red Draconian Transmuter on July 21, 2019.
             Was a Follower of Sif Muna.
             Slain by a centaur (9 damage)
             ... on level 5 of the Dungeon.
             The game lasted 00:08:02 (5279 turns).

Azzok the Insei (Red Draconian Transmuter)          Turns: 5279, Time: 00:08:03

Health: -3/52      AC:  2    Str: 12    XL:     7   Next: 95%
Magic:  13/13      EV: 20    Int: 15    God:    Sif Muna [*.....]
Gold:   15         SH:  0    Dex: 17    Spells: 10/14 levels left

rFire    . . .     SeeInvis .     - Unarmed
rCold    . . .     Gourm    .   (shield currently unavailable)
rNeg     . . .     Faith    .   (armour unavailable)
rPois    x         Spirit   .   (helmet currently unavailable)
rElec    .         Reflect  .   (cloak currently unavailable)
rCorr    .         Harm     .   (gloves currently unavailable)
MR       .....                  (boots currently unavailable)
Stlth    ++........             (no amulet)
HPRegen  0.17/turn              (no ring)
MPRegen  0.13/turn              (no ring)

@: spider-form (expiring)
A: tiny, (breathe fire), unfitting armour, AC +6
a: End Transformation, Channel Magic, Renounce Religion


You were on level 5 of the Dungeon.
You worshipped Sif Muna.
Sif Muna was aware of your devotion.
You were not hungry.
You were a venomous arachnid creature.
You visited 1 branch of the dungeon, and saw 5 of its levels.

You collected 171 gold pieces.
You spent 156 gold pieces at shops.

Inventory:

Missiles
 a - 115 arrows
Jewellery
 i - an uncursed amulet of harm {unknown}
Wands
 q - a wand of flame (18)
Scrolls
 d - 3 scrolls of remove curse {unknown}
 h - 2 scrolls of immolation {unknown}
 j - a scroll of random uselessness {unknown}
 k - a scroll of enchant armour {unknown}
 m - 2 scrolls of enchant weapon
 n - a scroll of blinking {unknown}
Potions
 b - a potion of haste {unknown}
 e - 2 potions of flight {unknown}
 f - a potion of agility {unknown}
 g - a potion of magic
 l - 4 potions of curing
 o - 2 potions of might
 p - a potion of brilliance
Comestibles
 c - 9 rations
 s - a chunk of flesh


   Skills:
 - Level 1.1 Fighting
 + Level 2.7 Dodging
 + Level 5.4 Unarmed Combat
 + Level 4.4 Spellcasting
 + Level 4.9 Transmutations
 - Level 3.0 Poison Magic
 + Level 2.2 Invocations


You had 10 spell levels left.
You knew the following spells:

 Your Spells              Type           Power        Failure   Level  Hunger
a - Beastly Appendage     Tmut           ###...       9%          1    None
b - Spider Form           Tmut/Pois      ###.......   26%         3    ###....

Your spell library contained the following spells:

 Spells                   Type           Power        Failure   Level  Hunger
 Sticks to Snakes         Tmut           ###.....     12%         2    ##.....
 Ice Form                 Ice/Tmut       ##......     75%         4    ####...
 Blade Hands              Tmut           ###.......   75%         5    ######.


Dungeon Overview and Level Annotations

Branches:
Dungeon (5/15)
 Temple: D:4-7

Altars:
Dithmenos
Hepliaklqana
Nemelex Xobeh
Sif Muna
Trog

Shops:
D:4 ?

Annotations:
D:4 3 runed translucent doors, Inarius's ghost, amateur DsSu


Innate Abilities, Weirdness & Mutations

((You can breathe blasts of fire.))
((Your fiery red scales are hard. (AC +6)))
You cannot fit into any form of body armour.
((Your flesh is heat resistant. (rF+)))
((You are cold-blooded and may be slowed by cold attacks.))


Message History

* * * LOW HITPOINT WARNING * * *
You see here an arrow.
Unknown command.
Your transformation is almost over.
The centaur shoots an arrow.
The arrow hits you.
* * * LOW HITPOINT WARNING * * *
The centaur shoots an arrow.
The arrow misses you.
You see here an arrow.
Okay, then.
You can't do that in your present form.
Unknown command.
Okay, then.
The centaur shoots an arrow.
The arrow completely misses you.
The centaur shoots an arrow.
The arrow closely misses you.
The centaur unwields a +0 shortbow.
The centaur barely misses you.
The centaur hits you but does no damage.
You hit the centaur.
The centaur is poisoned.
The centaur is moderately wounded.
The centaur hits you!
You die...

▒···············▒·······
▒···············▒▒▒·▒▒··
▒···············▒ ▒·▒ ▒
▒···············▒▒▒·▒▒▒▒
▒·····················(·
▒·······>···············
▒·······▒············Y··
▒··················(·Z··
▒(·····sc·▒·············
▒(·((▒▒···▒········c····
▒▒▒▒▒▒▒▒▒·▒·············
▒····▒▒▒···············
▒▒·····················
▒▒·····÷·······!······
▒················▒·▒▒
▒·······(············
▒······(·▒·····$·····


You could see a centaur.

Vanquished Creatures
  Grinder (D:3)
  Sigmund (D:2)
  A sky beast (D:5)
  2 ogres (D:4)
  A water moccasin zombie (D:5)
  A scorpion (D:4)
  2 howler monkeys (D:4)
  A bullfrog skeleton (D:4)
  Robin (D:2)
  4 adders
  A worm (D:4)
  4 leopard geckos
  4 orcs
  A ball python (D:3)
  11 bats
  3 giant cockroaches
  23 goblins
  8 hobgoblins
  4 jackals (D:2)
  5 quokkas
  3 frilled lizards
  A jackal skeleton (D:4)
  6 kobolds
  9 rats
98 creatures vanquished.

Vanquished Creatures (others)
  2 fungi (D:4)
  2 plants (D:4)
4 creatures vanquished.

Grand Total: 102 creatures vanquished

Notes
Turn   | Place    | Note
-------+----------+-------------------------------------------
     0 | D:1      | Azzok the Draconian Transmuter began the quest for the Orb.
     0 | D:1      | Reached XP level 1. HP: 16/16 MP: 3/3
   210 | D:1      | Reached XP level 2. HP: 19/23 MP: 5/5
   968 | D:2      | Found a hazy altar of Hepliaklqana.
   970 | D:2      | Found a sparkling altar of Nemelex Xobeh.
   970 | D:2      | Found a bloodstained altar of Trog.
   990 | D:2      | Reached XP level 3. HP: 16/28 MP: 6/6
  1207 | D:2      | Learned a level 3 spell: Spider Form
  1788 | D:2      | Found a deep blue altar of Sif Muna.
  1936 | D:2      | Became a worshipper of Sif Muna the Loreminder
  2011 | D:2      | Noticed Robin
  2245 | D:2      | Noticed Sigmund
  2443 | D:2      | Killed Sigmund
  2443 | D:2      | Reached skill level 4 in Unarmed Combat
  2443 | D:2      | Reached skill level 1 in Poison Magic
  2443 | D:2      | Reached XP level 4. HP: 26/35 MP: 5/8
  2443 | D:2      | Reached XP level 5. HP: 29/40 MP: 5/9
  2570 | D:2      | Killed Robin
  2937 | D:3      | Noticed Grinder
  3021 | D:3      | Killed Grinder
  3021 | D:3      | Reached XP level 6. HP: 24/47 MP: 8/11
  3390 | D:2      | Found a shadowy altar of Dithmenos.
  3715 | D:3      | Reached * piety under Sif Muna
  3910 | D:4      | Your scales start taking on a fiery red colour.
  3910 | D:4      | Reached XP level 7. HP: 45/52 MP: 1/12
  3910 | D:4      | Gained mutation: Your flesh is heat resistant. (rF+) [Red
                  | Draconian growth]
  4002 | D:4      | Found a runed translucent gate.
  4026 | D:4      | Found a runed translucent gate.
  4026 | D:4      | Identified the +5 short sword of Docohizyg {pain, rElec rF-
                  | rC++ Int+2}
  4027 | D:4      | Found a runed translucent gate.
  4030 | D:4      | Noticed Inarius's ghost (amateur DsSu)
  4168 | D:4      | Reached skill level 5 in Unarmed Combat
  4168 | D:4      | Reached skill level 1 in Invocations
  4651 | D:4      | Found Ciegredukk's Magic Scroll Emporium.
  4690 | D:4      | Bought a scroll of teleportation for 36 gold pieces
  4690 | D:4      | Bought 3 scrolls of identify for 72 gold pieces
  4690 | D:4      | Bought a scroll of identify for 24 gold pieces
  4690 | D:4      | Bought a scroll of identify for 24 gold pieces
  4953 | D:5      | Entered Level 5 of the Dungeon
  5279 | D:5      | Slain by a centaur

Levels and vault maps discovered:
D:1:      psy_arrival_conway, layout_rooms, interstate_on_off
D:2:      lemuel_upstairs_altar, layout_basic, lemuel_blue_sif_altar,
          grunt_temple_overflow_open, uniq_robin, uniq_sigmund
D:3:      layout_rooms, serial_bayou_pond_c, uniq_grinder
D:4:      layout_gridville, gammafunk_ghost_nasty_kobolds, serial_shops,
          nicolae_shop_waterfront, st_stairs_11
D:5:      layout_rooms, gammafunk_temple_overflow_arena, kennysheep_mini,
          first_ration

Skill      XL: |  1  2  3  4  5  6  7 |
---------------+----------------------+-----
Unarmed Combat | 4 5 |  5.4
Spellcasting   | 3 4 |  4.4
Transmutations | 3 4 |  4.9
Poison Magic   | 1 2 3 |  3.0
Dodging        | 2 |  2.7
Invocations    | 2 |  2.2
Fighting       | |  1.1

Action                   |  1- 3 |  4- 6 |  7- 9 || total
-------------------------+-------+-------+-------++-------
Melee: Unarmed           |   176 |   117 |    75 ||   368
       Tailslap          |    10 |     4 |       ||    14
       Kick              |     2 |       |       ||     2
       Headbutt          |     1 |       |       ||     1
 Cast: Beastly Appendage |     4 |       |       ||     4
       Spider Form       |     7 |    13 |     9 ||    29
  Use: Scroll            |       |       |     7 ||     7
 Stab: Sleeping          |       |     1 |       ||     1
       Distracted        |       |       |     1 ||     1
  Eat: Chunk             |     5 |     7 |     2 ||    14
       Ration            |       |       |     1 ||     1
Armor: Skin              |    66 |    32 |    10 ||   108
Dodge: Dodged            |   156 |   119 |    52 ||   327

Table legend:
 A = Non-vault XP
 B = Vault XP
 C = Vault XP percentage of total XP
 D = Non-vault monster count
 E = Vault monster count
 F = Vault count percentage of total count
                 A         B        C        D         E       F
            +---------+---------+-------+---------+---------+-------
      Total |     849 |     543 |  39.0 |      83 |      15 |  15.3
            +---------+---------+-------+---------+---------+-------
        D:1 |      36 |       0 |   0.0 |      21 |       0 |   0.0
        D:2 |      65 |     253 |  79.6 |      23 |      12 |  34.3
        D:3 |      65 |     286 |  81.5 |      26 |       1 |   3.7
        D:4 |     471 |       4 |   0.8 |       9 |       2 |  18.2
        D:5 |     212 |       0 |   0.0 |       4 |       0 |   0.0
            +---------+---------+-------+---------+---------+-------
